 Dungeon Crawl Stone Soup version 0.29.1-1-gd02db6906a (webtiles) character file.

Game seed: 9697215342432749305

239 vvl the Stinger (level 5, 0/41 HPs)
             Began as a Draconian Venom Mage on Sept 29, 2022.
             Slain by an orc
             ... wielding a +0 flail
              (5 damage)
             ... on level 4 of the Dungeon.
             The game lasted 00:05:12 (4529 turns).

vvl the Stinger (Draconian Venom Mage)              Turns: 4529, Time: 00:05:13

Health: 0/41       AC:  5    Str: 11    XL:     5   Next: 79%
Magic:  0/9        EV:  9    Int: 17    God:
Gold:   200        SH:  0    Dex: 11    Spells: 8/9 levels left

rFire   . . .      SeeInvis .   i - +0 war axe
rCold   + . .      Faith    .   (no shield)
rNeg    + . .      Spirit   +   (body armour unavailable)
rPois   .          Reflect  .   (helmet restricted)
rElec   .          Harm     .   (no cloak)
rCorr   .          Rampage  .   (no gloves)
Will    .....                   (no boots)
Stlth   ++........              v - amulet of guardian spirit
HPRegen 0.13/turn               j - ring of protection from cold
MPRegen 0.11/turn               w - ring of positive energy

@: constricted
A: AC +5, unfitting armour, cold-blooded
a: no special abilities


You were on level 4 of the Dungeon.
You visited 1 branch of the dungeon, and saw 4 of its levels.

You collected 200 gold pieces.

Inventory:

Hand Weapons
 i - a +0 war axe (weapon)
Magical Staves
 l - a staff of earth
Jewellery
 j - a ring of protection from cold (left hand)
 v - an amulet of guardian spirit (around neck)
 w - a ring of positive energy (right hand)
Wands
 r - a wand of flame (3)
Scrolls
 e - a scroll of fog {unknown}
 f - 2 scrolls of poison {unknown}
 m - 5 scrolls of identify {unknown}
 n - 2 scrolls of summoning {unknown}
 p - a scroll of fear {unknown}
 q - 4 scrolls of teleportation {unknown}
 t - a scroll of noise {unknown}
 u - 2 scrolls of enchant weapon {unknown}
Potions
 a - a potion of magic
 b - a potion of resistance {unknown}
 c - a potion of cancellation {unknown}
 d - a potion of ambrosia {unknown}
 g - a potion of might {unknown}
 h - 2 potions of invisibility
 k - a potion of lignification {unknown}
 o - a potion of heal wounds
 s - a potion of curing {unknown}


   Skills:
 + Level 2.2 Fighting
 + Level 2.9 Dodging
 - Level 2.0 Stealth
 + Level 2.7 Spellcasting
 + Level 2.3 Transmutations
 * Level 4.4 Poison Magic


You had 8 spell levels left.
You knew the following spells:

 Your Spells              Type           Power      Damage    Failure   Level
a - Sting                 Tmut/Pois      52%        1d5       4%          1

Your spell library contained the following spells:

 Spells                   Type           Power      Damage    Failure   Level
 Poisonous Vapours        Pois/Air       18%        N/A       11%         2
 Mephitic Cloud           Conj/Pois/Air  7%         N/A       28%         3
 Olgreb's Toxic Radiance  Pois           17%        N/A       28%         4
 Portal Projectile        Hex/Tloc       4%         N/A       47%         3
 Tukima's Dance           Hex            2%         N/A       47%         3
 Blade Hands              Tmut           5%         N/A       88%         5


Dungeon Overview and Level Annotations

Branches:
Dungeon (4/15)
 Temple: D:4-7

Altars:
Hepliaklqana


Innate Abilities, Weirdness & Mutations

Your plain brown scales are hard. (AC +5)
You cannot fit into any form of body armour.
You are cold-blooded and may be slowed by cold attacks.


Message History

The sting hits the adder.
The adder looks even sicker.
You kill the adder!
The hobgoblin hits you. The orc hits you with a +0 flail.
You are too injured to fight recklessly!
You are too injured to fight recklessly!
You are too injured to fight recklessly!
You are too injured to fight recklessly!
Unknown command.
Casting: Sting (safe; 4% risk of failure)
Confirm with . or Enter, or press ? or * to list all spells.
Aiming: Sting (safe; 4% risk of failure)
Press: ? - help, Shift-Dir - straight line, f - hobgoblin
Aim: a hobgoblin (71% to hit)
The sting hits the hobgoblin but does no damage.
The hobgoblin is poisoned.
The hobgoblin hits you but does no damage.
The orc hits you with a +0 flail!
You barely miss the orc.
Your tail-slap misses the orc.
You closely miss the hobgoblin. The hobgoblin hits you.
* * * LOW HITPOINT WARNING * * *
The orc barely misses you. The orc misses you. The hobgoblin hits you.
* * * LOW HITPOINT WARNING * * *
You closely miss the orc.
You tail-slap the orc, but do no damage.
You hit the hobgoblin.
You kill the hobgoblin!
The orc barely misses you.
You closely miss the orc. You closely miss the ball python.
The ball python bites you but does no damage.
The ball python closely misses you. The orc closely misses you.
The ball python barely misses you. The ball python grabs you.
The ball python constricts you.
* * * LOW HITPOINT WARNING * * *
The orc hits you with a +0 flail.
* * * LOW HITPOINT WARNING * * *
You barely miss the orc. You barely miss the ball python.
The ball python bites you.
* * * LOW HITPOINT WARNING * * *
The ball python constricts you. The orc hits you with a +0 flail.
You die...

.....#. .....#. ##
....... .. .## . ...
#...?..#. ..# .. #.#
#........ ##.##. #.#
#.......### #.... #.#
#.........###..# #.#
......S@...##..## #.#
......o#........## #.#
.###....##.......# ###.#
........).###..###....
...#....##.......##.....
.. ###.<..:$###.........
. ...###### #.........
#### #.........
#.........


You could see an orc and a ball python.

Vanquished Creatures
  A phantom (D:2)
  A gnoll (D:1)
  6 adders
  3 worms (D:2)
  2 dart slugs (D:1)
  4 endoplasms
  4 giant cockroaches
  7 goblins
  8 hobgoblins
  4 jackals (D:1)
  6 quokkas
  8 ball pythons
  4 bats
  5 frilled lizards
  4 kobolds
  27 rats
94 creatures vanquished.

Notes
Turn   | Place    | Note
-------+----------+-------------------------------------------
     0 | D:1      | vvl the Draconian Venom Mage began the quest for the Orb.
     0 | D:1      | Reached XP level 1. HP: 14/14 MP: 3/3
   561 | D:1      | Reached XP level 2. HP: 22/22 MP: 0/5
  1182 | D:1      | Reached XP level 3. HP: 25/27 MP: 1/6
  1253 | D:1      | Reached skill level 1 in Fighting
  2161 | D:2      | Reached XP level 4. HP: 34/35 MP: 3/7
  2635 | D:2      | Noticed a phantom
  2655 | D:2      | HP: 1/35 [phantom (2)]
  2662 | D:2      | Killed a phantom
  2663 | D:2      | Reached skill level 4 in Poison Magic
  2663 | D:2      | Reached XP level 5. HP: 15/41 MP: 8/8
  3231 | D:3      | Found a faded altar of an unknown god.
  3797 | D:3      | Found a hazy altar of Hepliaklqana.
  4529 | D:4      | Slain by an orc

Illustrated notes

Levels and vault maps discovered:
D:1:      scummos_arrival_forest, layout_basic
D:2:      wad_pebble_path, layout_loops_ring, minmay_rat_gold_closets
D:3:      minmay_evil_eye, layout_basic, nicolae_hepliaklqana_hazy_memory,
          ebering_ecumenical_altar_abandoned, minmay_rat_hole
D:4:      layout_rooms, lightli_minifort

Skill      XL: |  1  2  3  4  5 |
---------------+----------------+-----
Dodging        | 2 |  2.9
Stealth        | 2 |  2.0
Fighting       | 1 2 |  2.2
Transmutations | 2 |  2.3
Poison Magic   | 4 |  4.4
Spellcasting   | |  2.7

Action                   |  1- 3 |  4- 6 || total
-------------------------+-------+-------++-------
Melee: Unarmed           |    55 |       ||    55
       Tailslap          |    10 |     4 ||    14
       Punch             |     1 |       ||     1
       War axe           |    27 |    88 ||   115
 Cast: Sting             |    57 |    52 ||   109
  Use: Potion            |       |     2 ||     2
 Stab: Sleeping          |     6 |     3 ||     9
       Invisible         |       |     2 ||     2
Armor: Skin              |    30 |    55 ||    85
Dodge: Dodged            |    76 |   112 ||   188
